General information
- name: BNet
- type: Ladder 1vs1/FFA
- host: Battle.net
- saver: sprt.0
map: MeltingValley
- players: 2
- length: 21:29
- speed: Fast
- version: 1.24 W3XP
- replay type: Public
» download(61 KB)
Players
team 1 (winner)
sprt.0 (
red | 80 APM | 1729 actions | 21:29)
4 Dark Ranger
2 Black Arrow
2 Silence
2 Archmage
1 Brilliance Aura
1 Blizzard
2 Pandaren Brewmaster
1 Breath of Fire
1 Drunken Haze
» actions
| Assign group hotkey | 96 | |
| Basic commands | 92 | |
| Build / train | 100 | |
| ESC pressed | 4 | |
| Enter build submenu | 46 | |
| Enter hero's abilities submenu | 8 | |
| Give item / drop item | 1 | |
| Right click | 578 | |
| Select / deselect | 334 | |
| Select group hotkey | 238 | |
| Use ability | 232 | |
1729 total
» units
| Peasant | 23 | |
| Footman | 9 | |
| Goblin Shredder | 3 | |
| Goblin Sapper | 1 | |
| Gryphon Rider | 2 | |
| Dragonhawk Rider | 2 | |
| Flying Machine | 8 | |
48 total
» upgrades
| Defend | 1 | |
| Swords | 3 | |
| Animal War Training | 1 | |
| Magic Sentry | 1 | |
| Storm Hammers | 1 | |
| Flak Cannons | 1 | |
| Gunpowder | 3 | |
| Masonry | 1 | |
| Lumber Harvesting | 1 | |
| Cloud | 1 | |
| Armor | 2 | |
| Sorceress Training | 2 | |
| Flying Machine Bombs | 1 | |
19 total
» buildings
| Barracks | 1 | |
| Farm | 14 | |
| Altar of Kings | 1 | |
| Town Hall | 2 | |
| Scout Tower | 22 | |
| Arcane Tower | 3 | |
| Arcane Vault | 1 | |
| Keep | 1 | |
| Lumber Mill | 1 | |
| Blacksmith | 1 | |
| Guard Tower | 4 | |
| Castle | 1 | |
| Arcane Sanctum | 2 | |
| Gryphon Aviary | 3 | |
| Workshop | 3 | |
60 total
» build order
00:06 Barracks
00:33 Farm
00:51 Altar of Kings
00:56 Farm
01:24 Farm
01:26 Farm
03:25 Farm
04:10 Town Hall
04:18 Scout Tower
04:28 Scout Tower
04:31 Scout Tower
04:36 Arcane Tower
05:27 Arcane Tower
06:25 Scout Tower
06:26 Scout Tower
06:27 Scout Tower
06:28 Scout Tower
06:34 Farm
06:34 Farm
06:47 Arcane Vault
06:59 Keep
07:07 Lumber Mill
07:34 Farm
08:04 Blacksmith
08:12 Farm
08:24 Guard Tower
09:20 Castle
11:07 Arcane Sanctum
11:10 Arcane Sanctum
11:14 Farm
11:25 Scout Tower
11:25 Scout Tower
11:45 Gryphon Aviary
11:47 Gryphon Aviary
12:02 Arcane Tower
13:03 Workshop
14:01 Scout Tower
14:02 Scout Tower
14:02 Scout Tower
14:06 Scout Tower
14:06 Scout Tower
14:07 Scout Tower
14:08 Scout Tower
14:32 Farm
14:32 Farm
14:33 Farm
14:38 Workshop
14:41 Workshop
14:44 Farm
15:07 Guard Tower
15:18 Guard Tower
16:15 Gryphon Aviary
17:05 Guard Tower
20:23 Town Hall
20:26 Scout Tower
20:26 Scout Tower
20:27 Scout Tower
20:28 Scout Tower
20:29 Scout Tower
20:30 Scout Tower
» items
| Scroll of Regeneration | 3 | |
| Lesser Clarity Potion | 1 | |
| Mechanical Critter | 2 | |
| Staff of Sanctuary | 2 | |
| Scroll of Town Portal | 1 | |
| Periapt of Vitality | 1 | |
| Potion of Lesser Invulnerability | 1 | |
| Boots of Speed | 1 | |
| Orb of Fire | 1 | |
13 total
team 2 (loser)
hydrophonic (
green | 28 APM | 587 actions | 21:15)
» actions
| Assign group hotkey | 14 | |
| Basic commands | 10 | |
| Build / train | 49 | |
| ESC pressed | 2 | |
| Enter build submenu | 38 | |
| Right click | 235 | |
| Select / deselect | 139 | |
| Select group hotkey | 60 | |
| Use ability | 40 | |
587 total
» units
» upgrades
| Masonry | 1 | |
| Lumber Harvesting | 2 | |
| Storm Hammers | 1 | |
| Swords | 1 | |
| Plating | 1 | |
6 total
» buildings
| Lumber Mill | 1 | |
| Scout Tower | 18 | |
| Guard Tower | 16 | |
| Arcane Tower | 1 | |
| Keep | 1 | |
| Altar of Kings | 1 | |
| Farm | 13 | |
| Castle | 2 | |
| Gryphon Aviary | 2 | |
| Blacksmith | 1 | |
| Town Hall | 1 | |
57 total
» build order
00:06 Lumber Mill
00:48 Scout Tower
01:28 Scout Tower
01:31 Scout Tower
01:33 Scout Tower
01:56 Guard Tower
01:58 Guard Tower
02:09 Arcane Tower
02:34 Scout Tower
02:48 Scout Tower
02:59 Guard Tower
03:05 Guard Tower
03:17 Guard Tower
03:33 Scout Tower
03:36 Scout Tower
04:05 Guard Tower
04:07 Guard Tower
04:13 Scout Tower
04:32 Guard Tower
04:35 Scout Tower
04:55 Scout Tower
04:59 Guard Tower
05:03 Scout Tower
05:23 Guard Tower
05:25 Scout Tower
05:30 Guard Tower
05:45 Guard Tower
05:48 Scout Tower
06:19 Guard Tower
06:40 Scout Tower
07:07 Guard Tower
07:18 Scout Tower
08:02 Keep
08:25 Altar of Kings
08:39 Scout Tower
09:08 Guard Tower
09:30 Farm
09:51 Farm
10:20 Farm
10:24 Castle
10:43 Castle
10:52 Gryphon Aviary
11:05 Farm
11:13 Farm
11:46 Farm
11:59 Blacksmith
12:16 Gryphon Aviary
12:31 Farm
12:51 Scout Tower
13:13 Guard Tower
13:39 Farm
13:58 Farm
14:22 Farm
14:39 Farm
15:04 Farm
15:38 Farm
18:32 Town Hall
Chat log
(21:13 / All) hydrophonic: lol suck your mom's dick